 Dungeon Crawl Stone Soup version 0.29-a0-283-ga02f740833 (webtiles) character file.

Game seed: 12871528032222831718

73 spaghetti the Shield-Bearer (level 4, -3/31 HPs)
             Began as an Octopode Fighter on Mar 14, 2022.
             Killed from afar by a kobold (15 damage)
             ... with an iceblast
             ... on level 3 of the Dungeon.
             The game lasted 00:02:27 (2403 turns).

spaghetti the Shield-Bearer (Octopode Fighter)      Turns: 2403, Time: 00:02:28

Health: -3/31      AC:  1    Str: 15    XL:     4   Next: 27%
Magic:  4/4        EV: 13    Int: 10    God:
Gold:   217        SH:  5    Dex: 13    Spells: 3/3 levels left

rFire   . . .      SeeInvis .   a - +1 long sword {long}
rCold   . . .      Faith    .   b - +0 buckler
rNeg    . . .      Spirit   .   (helmet restricted)
rPois   .          Reflect  .   (no amulet)
rElec   .          Harm     .   (no ring)
rCorr   .          Rampage  .   (no ring)
Will    .....                   (no ring)
Stlth   ++........              (no ring)
HPRegen 0.10/turn               (no ring)
MPRegen 0.09/turn               (no ring)
                                (no ring)
                                (no ring)

@: about to teleport
A: almost no armour, amphibious, 8 rings, camouflage 1, gelatinous body 1,
(nimble swimmer 1), tentacles
a: no special abilities


You were on level 3 of the Dungeon.
You visited 1 branch of the dungeon, and saw 3 of its levels.

You collected 217 gold pieces.


Innate Abilities, Weirdness & Mutations

You cannot wear most types of armour.
You are amphibious.
You can wear up to eight rings at the same time.
Your skin changes colour to match your surroundings (Stealth+).
Your rubbery body absorbs attacks. (AC +1, EV +1)
((You are camouflaged when in or above water. (Stealth+)))
You have tentacles for arms and can constrict up to eight enemies at once.


   Skills:
 - Level 3.0 Fighting
 - Level 2.0 Long Blades
 - Level 3.0 Dodging
 + Level 5.0 Shields


You had 3 spell levels left.
You didn't know any spells.
Your spell library contained the following spells:

 Spells                   Type           Power      Damage    Failure   Level
 Sublimation of Blood     Necr           0%         N/A       58%         2
 Petrify                  Tmut/Erth      0%         N/A       99%         4
 Irradiate                Conj/Tmut      0%         3d14      100%        5

Inventory:

Hand Weapons
 a - a +1 long sword (weapon) {long}
Missiles
 d - 158 stones (quivered) {throwing}
 k - 4 poisoned darts {throwing}
Armour
 b - a +0 buckler (worn)
Magical Staves
 i - a staff of poison {!astaff}
   (You found it on level 2 of the Dungeon)
Scrolls
 e - a scroll of vulnerability {!r!r}
 f - a scroll of identify {@r1}
 g - a scroll of teleportation {@r4}
Potions
 c - a potion of might
 h - a potion of brilliance {unknown}
 j - a potion of attraction {unknown}

Dungeon Overview and Level Annotations

Branches:
Dungeon (3/15)

Altars:

#.#####............. .(
......#............. .....
.................... ...(. ..
##.#.......#.#.###K..#
..###....)....#.........####
....#....######.............
....#.......................
.........######.............
...........####.@...........
................#...........
................#...........
.....#..........#........... ...
...###.....####.#.......###.###.#
...# #..........#.............#.#
...###..........#.......#........
...................[.##.#........
##...................#.......#...


You could see a kobold.


Message History

The stone {throwing} hits the endoplasm.
You hit the endoplasm but do no damage. Your squeeze misses the endoplasm.
The endoplasm jiggles.
The endoplasm completely misses you.
You hit the endoplasm.
You kill the endoplasm!
No target in view!
No target in view!
No target in view!
No target in view!
No target in view!
No target in view!
No target in view!
No target in view!
No target in view!
No target in view!
You now have 191 gold pieces (gained 16).
d - 156 stones {throwing} (gained 1)
d - 157 stones {throwing} (gained 1)
d - 158 stones {throwing} (gained 1)
d - 159 stones {throwing} (gained 1)
d - 160 stones {throwing} (gained 1)
Found a runed orb.
You now have 200 gold pieces (gained 9).
d - 161 stones {throwing} (gained 1)
k - 4 poisoned darts {throwing} You now have 217 gold pieces (gained 17).
Found a stone staircase leading down.
No target in view!
Key pressed, stopping explore.
A bat comes into view.
A bat is nearby!
You throw a stone {throwing}.
The stone {throwing} hits the bat but does no damage.
You throw a stone {throwing}. The stone {throwing} misses the bat.
You closely miss the bat. Your grab misses the bat.
The bat hits you but does no damage. The bat hits you. 😕 HP[-1]
You take 1 damage, and now have 30/31 hp.
You slash the bat!
You kill the bat!
No target in view!
No target in view!
No target in view!
No target in view!
No target in view!
No target in view!
No target in view!
No target in view!
No target in view!
An adder comes into view. 😎 HP[+1]
Your hp is fully restored (31).
An adder is nearby!
An adder is nearby!
You throw a stone {throwing}.
The stone {throwing} hits the adder but does no damage.
The adder hisses angrily.
You throw a stone {throwing}. The stone {throwing} misses the adder.
You throw a stone {throwing}. The stone {throwing} hits the adder.
You throw a stone {throwing}. The stone {throwing} hits the adder.
You barely miss the adder. Your grab misses the adder. You squeeze the adder!
You kill the adder!
Your Shields skill increases to level 5!
No target in view!
No target in view!
No target in view!
No target in view!
No target in view!
No target in view!
No target in view!
No target in view!
No target in view!
No target in view!
No target in view!
d - 156 stones {throwing} (gained 1)
d - 157 stones {throwing} (gained 1)
d - 158 stones {throwing} (gained 1)
d - 160 stones {throwing} (gained 2)
A kobold comes into view.
It is wielding a +0 dagger and carrying a wand of iceblast (14).
A kobold is nearby!
A kobold is nearby!
You throw a stone {throwing}.
The stone {throwing} closely misses the kobold.
The kobold shouts!
You throw a stone {throwing}.
The stone {throwing} barely misses the kobold.
The kobold zaps a wand.
The mass of ice explodes!
The iceblast engulfs you!!
Ouch! That really hurt!
* * * LOW HITPOINT WARNING * * *
😨 HP[-19]
You take 19 damage, and now have 12/31 hp.
MASSIVE DAMAGE!! (PAUSE)
Okay, then.
As you read the scroll of teleportation {@r4}, it crumbles to dust.
You feel strangely unstable.
The kobold zaps a wand.
The mass of ice explodes!
The iceblast engulfs you!
You die...

Skill      XL: |  1  2  3  4 |
---------------+-------------+-----
Shields        | 4 5 |  5.0
Fighting       | |  3.0
Long Blades    | |  2.0
Dodging        | |  3.0

Action                   |  1- 3 |  4- 6 || total
-------------------------+-------+-------++-------
Melee: Long sword        |    72 |    10 ||    82
       Tentacles         |    14 |     2 ||    16
       Constrict         |    13 |     1 ||    14
       Punch             |     1 |       ||     1
Throw: Stone             |    73 |    26 ||    99
  Use: Scroll            |     3 |     1 ||     4
 Stab: Sleeping          |     1 |       ||     1
Armor: Skin              |     6 |     1 ||     7
Dodge: Dodged            |    34 |     4 ||    38
Block: Buckler           |    12 |     1 ||    13

Levels and vault maps discovered:
D:1:      co_arrival_hexagon_in_a_hexagon, layout_basic, serial_bayou_pond_e
D:2:      layout_loops_cross, ebering_ecumenical_altar_sacrificial,
          minmay_between
D:3:      layout_basic, hangedman_decor_diamond_cutter, minivault_24

Notes
Turn   | Place    | Note
-------+----------+-------------------------------------------
     0 | D:1      | spaghetti the Octopode Fighter began the quest for the Orb.
     0 | D:1      | Reached XP level 1. HP: 16/16 MP: 1/1
     0 | D:1      | magus.rc [v1.9.6]
   305 | D:1      | Reached XP level 2. HP: 20/21 MP: 2/2
   843 | D:1      | Reached skill level 4 in Shields
  1084 | D:2      | Reached XP level 3. HP: 26/26 MP: 3/3
  1261 | D:2      | Found a faded altar of an unknown god.
  1798 | D:2      | You pick up a book of Alchemy and begin reading...
  1798 | D:2      | You add the spells Sublimation of Blood, Petrify and
                  | Irradiate to your library.
  1989 | D:3      | Reached XP level 4. HP: 27/31 MP: 4/4
  2381 | D:3      | Reached skill level 5 in Shields
  2403 | D:3      | Killed from afar by a kobold

Vanquished Creatures
  An adder (D:3)
  2 worms (D:2)
  A dart slug (D:1)
  3 orcs (D:3)
  12 endoplasms
  A giant cockroach (D:3)
  4 hobgoblins
  2 quokkas (D:1)
  4 ball pythons
  10 bats
  3 frilled lizards (D:1)
  3 goblins
  2 kobolds
  2 rats
50 creatures vanquished.

Table legend:
 A = Non-vault XP
 B = Vault XP
 C = Vault XP percentage of total XP
 D = Non-vault monster count
 E = Vault monster count
 F = Vault count percentage of total count
                 A         B        C        D         E       F
            +---------+---------+-------+---------+---------+-------
      Total |     101 |       4 |   3.8 |      48 |       2 |   4.0
            +---------+---------+-------+---------+---------+-------
        D:1 |      33 |       0 |   0.0 |      20 |       0 |   0.0
        D:2 |      26 |       4 |  13.3 |      12 |       2 |  14.3
        D:3 |      42 |       0 |   0.0 |      16 |       0 |   0.0
            +---------+---------+-------+---------+---------+-------

Illustrated notes

Table legend:
 A = Kills in this place as a percentage of kills in entire the game.
 B = Kills by you in this place as a percentage of kills by you in the entire game.
 C = Kills by friends in this place as a percentage of kills by friends in the entire game.
 D = Other kills in this place as a percentage of other kills in the entire game.
 E = Experience gained in this place as a percentage of experience gained in the entire game.
 F = Experience gained in this place divided by the number of levels of this place that you have seen.
                   A       B       C       D       E      F
               +-------+-------+-------+-------+-------+----------------------
         Total | 100.0 | 100.0 |   N/A |   N/A | 100.0 |  35.0
       Dungeon | 100.0 | 100.0 |   N/A |   N/A | 100.0 |  35.0
               +-------+-------+-------+-------+-------+----------------------

Table legend: (Time is in decaauts)
 A = Elapsed time spent in this place.
 B = Non-inter-level travel time spent in this place.
 C = Inter-level travel time spent in this place.
 D = Time resting spent in this place.
 E = Time spent auto-exploring this place.
 F = Levels seen in this place.
 G = Mean time per level.
                   A        B        C        D        E       F      G
               +--------+--------+--------+--------+--------+-----+--------+
         Total |   2444 |   2441 |      3 |    262 |   1801 |   3 |  814.7 |
       Dungeon |   2444 |   2441 |      3 |    262 |   1801 |   3 |  814.7 |
               +--------+--------+--------+--------+--------+-----+--------+

Top non-repeatable levels by time:
     D:1: 1064 daAuts
     D:2: 847 daAuts
     D:3: 531 daAuts
